Map: Neon Violet Square LE

Players

Cham

  • Race: Zerg Zerg
  • Spawn Location: 5:00

Scarlett - Winner!

  • Race: Zerg Zerg
  • Spawn Location: 11:00

Event: IEM Season 12 - PyeongChang

VOD

Have the link to the VOD?

Description

Time

  • Played on: Feb. 4, 2018, 9:39 p.m.
  • Length: 11:14

All games in this series

Show
View Real Time Build Order
Export as new Build Order

Cham Zerg 

Build Orders: Hatch First, Lurkers 

Get SALT Encoding   

  12  0:00  Drone  
  13  0:08  Drone  
  14  0:17  Overlord  
  14  0:36  Drone x3  
  17  0:52  Hatchery  
  17  0:56  Drone  
  17  0:59  Drone  
  17  1:01  Extractor  
  17  1:15  Spawning Pool  
  17  1:17  Drone  
  17  1:22  Drone  
  18  1:30  Drone  
  19  1:43  Overlord  
  19  2:01  Queen, Metabolic Boost  
  19  2:04  Queen  
  19  2:05  Zergling x2  
  19  2:07  Zergling x2  
  25  2:10  Zergling x2  
  26  2:16  Drone x2  
  28  2:24  Drone  
  28  2:28  Drone  
  30  2:34  Drone  
  31  2:43  Hatchery  
  30  2:49  Queen  
  32  2:55  Baneling Nest  
  32  2:57  Drone  
  32  3:01  Drone  
  32  3:03  Drone  
  34  3:06  Drone  
  34  3:09  Overlord  
  35  3:23  Drone  
  36  3:29  Drone x4  
  36  3:30  Drone x2  
  42  3:35  Overlord  
  42  3:38  Drone  
  42  3:40  Baneling x2  
  43  3:46  Drone  
  44  3:49  Overlord  
  44  3:54  Drone  
  44  3:55  Drone x2  
  47  4:00  Drone x4  
  51  4:04  Overlord  
  51  4:06  Drone x2  
  53  4:14  Drone  
  53  4:15  Roach Warren  
  53  4:17  Overlord  
  53  4:18  Drone x2  
  53  4:19  Drone  
  53  4:23  Extractor  
  54  4:24  Drone  
  54  4:25  Drone  
  54  4:28  Drone  
  54  4:29  Overlord  
  57  4:35  Zergling x6  
  60  4:39  Lair  
  60  4:41  Drone x2  
  60  4:43  Evolution Chamber  
  61  4:51  Drone x4  
  61  4:52  Drone  
  66  4:53  Overlord  
  66  4:54  Drone x3  
  68  5:00  Drone  
  68  5:02  Drone  
  68  5:04  Drone x4, Extractor  
  73  5:07  Extractor  
  73  5:08  Extractor  
  73  5:11  Overlord, Zerg Missile Weapons Level 1  
  73  5:12  Pneumatized Carapace  
  73  5:13  Drone, Extractor  
  71  5:14  Drone  
  71  5:20  Drone  
  73  5:24  Drone  
  73  5:26  Drone  
  76  5:28  Drone  
  76  5:29  Drone x2  
  76  5:30  Hatchery  
  76  5:32  Drone  
  76  5:34  Roach x2  
  82  5:37  Hydralisk Den  
  82  5:38  Glial Reconstitution  
  82  5:41  Overlord  
  83  5:43  Roach x2  
  83  5:45  Roach  
  83  5:47  Roach  
  83  5:48  Unknown, Roach  
  91  5:50  Roach  
  91  5:53  Roach  
  91  5:55  Roach  
  96  5:57  Overlord  
  96  5:59  Roach  
  96  6:01  Overlord  
  96  6:02  Roach  
  100  6:05  Roach x2  
  100  6:08  Overlord, Roach  
  106  6:13  Muscular Augments, Hydralisk  
  106  6:15  Hydralisk  
  106  6:17  Hydralisk  
  112  6:20  Hydralisk  
  112  6:22  Hydralisk  
  112  6:25  Overlord  
  116  6:27  Overlord  
  116  6:31  Overlord  
  116  6:33  Lurker Den  
  116  6:34  Drone x3  
  116  6:35  Drone  
  116  6:37  Hydralisk  
  116  6:39  Hydralisk  
  123  6:45  Overlord  
  123  6:46  Spore Crawler, Hydralisk  
  124  6:49  Drone  
  124  6:50  Hydralisk  
  124  6:51  Hydralisk  
  124  6:53  Extractor  
  128  6:55  Overlord  
  128  6:56  Hydralisk  
  128  6:59  Hydralisk  
  132  7:05  Zerg Missile Weapons Level 2  
  132  7:07  Hydralisk x2  
  135  7:12  Drone  
  135  7:14  Hydralisk x2  
  140  7:17  Hydralisk  
  140  7:18  Hydralisk  
  144  7:24  Overlord  
  144  7:26  Drone x3, Extractor  
  144  7:28  Roach x2  
  144  7:29  Overlord  
  150  7:37  Overseer  
  150  7:38  Unknown, Hydralisk x3  
  150  7:39  Hydralisk  
  158  7:53  Roach x3  
  158  7:55  Roach x2  
  167  8:01  Lurker x4  
  167  8:03  Roach x2  
  174  8:06  Roach x2  
  174  8:07  Roach  
  174  8:09  Roach x2  
  174  8:10  Drone  
  174  8:11  Spine Crawler  
  174  8:12  Drone  
  185  8:15  Lurker  
  185  8:19  Roach x3  
  192  8:29  Overlord x2  
  192  8:32  Nydus Network  
  191  8:38  Unknown  
  189  8:45  Roach x2  
  189  8:46  Overlord x2  
  191  8:50  Roach x2  
  191  8:51  Lurker x2  
  191  8:52  Lurker x2  
  199  9:02  Hydralisk x2  
  199  9:18  Unknown  
  199  9:20  Nydus Canal  
  190  9:46  Roach x2, Hydralisk x2  
  190  9:47  Roach  
  190  9:50  Roach x4  
  190  9:51  Roach  
  190  9:52  Unknown  
  175  9:53  Roach  
  175  9:56  Roach x2  
  175  9:57  Roach  
  175  9:59  Roach x2  
  164  10:02  Roach  
  164  10:04  Roach  
  151  10:13  Roach x2  
  141  10:14  Roach  
  141  10:19  Roach  
  126  10:22  Hydralisk  
  126  10:27  Hydralisk  
  78  10:29  Hydralisk x2  
  78  10:33  Hydralisk  
  67  10:36  Hydralisk  
  48  10:43  Hydralisk  
  48  10:45  Unknown  
  48  10:49  Hydralisk x3  
  62  11:03  Roach Warren  
Show
View Real Time Build Order
Export as new Build Order

Scarlett Zerg - Winner!

Build Orders: Hatch First 

Get SALT Encoding   

  12  0:00  Drone  
  13  0:14  Overlord  
  13  0:17  Drone  
  14  0:32  Drone x2  
  16  0:37  Drone  
  17  0:52  Hatchery  
  17  0:56  Drone  
  17  0:59  Drone  
  18  1:09  Extractor  
  17  1:14  Spawning Pool  
  17  1:17  Drone  
  17  1:21  Drone  
  18  1:29  Drone  
  19  1:40  Drone  
  20  1:50  Overlord  
  20  2:01  Queen  
  20  2:04  Queen  
  20  2:05  Drone x2  
  26  2:09  Metabolic Boost  
  26  2:12  Drone  
  26  2:15  Drone  
  28  2:24  Drone  
  28  2:25  Zergling x2  
  30  2:35  Hatchery  
  29  2:38  Drone  
  29  2:40  Drone  
  31  2:46  Queen  
  33  2:56  Baneling Nest  
  32  2:59  Drone x2  
  32  3:00  Zergling x2  
  32  3:02  Drone  
  36  3:09  Overlord  
  36  3:12  Overlord  
  35  3:29  Drone, Zergling x2  
  35  3:30  Drone x5  
  35  3:31  Queen  
  44  3:38  Drone  
  44  3:39  Baneling  
  44  3:40  Baneling  
  45  3:43  Drone x3  
  45  3:45  Zergling x2  
  45  3:47  Zergling x2  
  50  3:50  Drone  
  50  3:54  Drone  
  52  3:58  Extractor  
  52  3:59  Extractor  
  52  4:00  Roach Warren  
  52  4:01  Drone  
  52  4:02  Drone  
  51  4:04  Drone x2  
  53  4:14  Drone x5  
  53  4:16  Overlord  
  57  4:24  Lair  
  57  4:29  Drone  
  58  4:36  Drone x7  
  58  4:38  Evolution Chamber  
  64  4:41  Drone  
  64  4:42  Drone  
  64  4:44  Extractor  
  64  4:45  Overlord  
  64  4:55  Zergling x4  
  64  4:58  Overlord  
  65  5:04  Zergling x4  
  65  5:06  Drone, Roach x2  
  72  5:07  Drone  
  72  5:08  Hatchery  
  72  5:09  Drone  
  72  5:11  Zerg Missile Weapons Level 1  
  73  5:14  Overlord  
  73  5:15  Overlord  
  73  5:21  Drone  
  73  5:22  Drone x3  
  73  5:23  Glial Reconstitution  
  73  5:25  Overseer  
  73  5:28  Extractor  
  76  5:29  Drone x3  
  76  5:32  Drone  
  76  5:33  Drone x2  
  82  5:35  Extractor  
  82  5:38  Drone x3  
  84  5:45  Roach x3  
  89  5:59  Roach x2  
  89  6:00  Roach x2  
  97  6:11  Centrifical Hooks  
  97  6:21  Roach x3  
  97  6:23  Overlord x5  
  103  6:30  Overlord x2  
  103  6:43  Roach x12  
  103  6:46  Drone  
  128  6:49  Evolution Chamber  
  128  6:53  Roach x5  
  139  7:01  Roach x4  
  139  7:05  Zerg Missile Weapons Level 2  
  139  7:07  Overlord x2  
  139  7:08  Overlord x3  
  145  7:12  Roach  
  145  7:13  Roach  
  145  7:15  Zerg Ground Armor Level 1  
  149  7:21  Roach  
  149  7:22  Roach x3  
  157  7:29  Roach x5  
  167  7:33  Zergling x6  
  167  7:34  Zergling x2  
  167  7:36  Zergling x2  
  167  7:37  Zergling x2  
  173  7:38  Zergling x2  
  173  7:41  Zergling x2  
  175  7:47  Zergling x16  
  183  7:53  Roach x3  
  189  8:03  Roach x3  
  189  8:04  Roach x2  
  199  8:06  Baneling x4  
  199  8:07  Baneling x6  
  199  8:12  Baneling x10  
  199  8:13  Baneling  
  199  8:20  Baneling x13  
  199  8:22  Overseer  
  199  8:28  Overseer, Baneling x5  
  196  8:44  Pneumatized Carapace  
  193  8:52  Infestation Pit  
  192  8:58  Extractor x2  
  188  9:04  Overlord  
  188  9:08  Hatchery  
  187  9:25  Ravager  
  187  9:26  Ravager x10  
  163  9:53  Roach x8  
  163  9:54  Roach x12  
  184  10:01  Roach x7  
  198  10:12  Overlord x2  
  142  10:34  Drone x3  
  120  10:35  Drone  
  120  10:36  Drone x2  
  120  10:37  Spawning Pool  
  87  10:51  Hatchery  

Tags
 
Add a new tag
Caveats
  • Supply blocks, unpowered buildings, or Contaminate may cause inaccurate times.
  • Supply counts are checked every 10 seconds.